 Dungeon Crawl Stone Soup version 0.27-a0-1324-ge0d8e047f6 (webtiles) character file.

Game seed: 105557556616200846

249457 sanka the Sensei (level 20, -6/145 HPs)
             Began as an Octopode Monk on June 22, 2021.
             Was a High Priest of Okawaru.
             Blown up by an orb spider (41 damage)
             ... with an orb of destruction
             ... on level 3 of the Spider Nest on June 23, 2021.
             The game lasted 01:43:46 (44698 turns).

sanka the Sensei (Octopode Monk)                   Turns: 44698, Time: 01:43:46

Health: -6/145     AC: 15    Str: 14    XL:     20   Next: 39%
Magic:  0/24       EV: 44    Int: 20    God:    Okawaru [*****.]
Gold:   1942       SH:  0    Dex: 26    Spells: 18/19 levels left

rFire    + . .     SeeInvis .     - Unarmed
rCold    + . .     Faith    .   (no shield)
rNeg     + . .     Spirit   +   o - +2 hat {rC+}
rPois    .         Reflect  .   k - amulet of Gatil {Spirit *Corrode Will+++}
rElec    .         Harm     .   a - +4 ring of protection
rCorr    +         Rampage  .   R - +4 ring of evasion
Will     ++++.                  x - ring of Ifitetij {Drain rF+ rN+ rCorr Int+6}
Stlth    ++++......             G - +6 ring of dexterity
HPRegen  0.34/turn              q - +4 ring of evasion
MPRegen  0.19/turn              P - +4 ring of evasion
                                J - +4 ring of protection
                                Q - +4 ring of protection

@: studying 2 skills
A: almost no armour, amphibious, 8 rings, camouflage 1, gelatinous body 1,
(nimble swimmer 1), tentacles, low mp 1, strong 1
a: Renounce Religion, Heroism, Finesse


You were on level 3 of the Spider Nest.
You worshipped Okawaru.
Okawaru was extremely pleased with you.
You visited 6 branches of the dungeon, and saw 30 of its levels.
You visited the Abyss 2 times.
You visited 1 bazaar.
You also visited: Sewer, Bailey, Ice Cave, Volcano and Desolation.

You collected 6040 gold pieces.
You spent 4098 gold pieces at shops.


Innate Abilities, Weirdness & Mutations

You cannot wear most types of armour.
You are amphibious.
You can wear up to eight rings at the same time.
Your skin changes colour to match your surroundings (Stealth+).
Your rubbery body absorbs attacks. (AC +1, EV +1)
((You are camouflaged near water. (Stealth+)))
You have tentacles for arms and can constrict up to eight enemies at once.
Your magical capacity is low. (-10% MP)
Your muscles are strong. (Str +2)


   Skills:
 - Level 15.0 Fighting
 + Level 19.0 Dodging
 - Level 2.6 Stealth
 - Level 22.0 Unarmed Combat
 - Level 10.0 Invocations


You had 18 spell levels left.
You knew the following spells:

 Your Spells              Type           Power      Damage    Failure   Level
e - Apportation           Tloc           0%         N/A       19%         1

Your spell library contained the following spells:

 Spells                   Type           Power      Damage    Failure   Level
 Animate Skeleton         Necr           0%         N/A       19%         1
 Beastly Appendage        Tmut           0%         N/A       19%         1
 Corona                   Hex            0%         N/A       19%         1
 Freeze                   Ice            0%         1d3       19%         1
 Pain                     Necr           0%         1d4       19%         1
 Shock                    Conj/Air       0%         1d3       19%         1
 Sting                    Tmut/Pois      0%         1d3       19%         1
 Summon Small Mammal      Summ           0%         N/A       19%         1
 Blink                    Tloc           N/A        N/A       28%         2
 Corpse Rot               Necr/Air       N/A        N/A       28%         2
 Ensorcelled Hibernation  Hex/Ice        0%         N/A       28%         2
 Passwall                 Tmut/Erth      0%         N/A       28%         2
 Poisonous Vapours        Pois/Air       0%         N/A       28%         2
 Slow                     Hex            0%         N/A       28%         2
 Static Discharge         Conj/Air       0%         N/A       28%         2
 Wereblood                Tmut           0%         N/A       28%         2
 Confusing Touch          Hex            0%         N/A       50%         3
 Conjure Flame            Conj/Fire      0%         6-21      50%         3
 Dazzling Flash           Conj/Hex       0%         N/A       50%         3
 Frozen Ramparts          Ice            0%         1d2       50%         3
 Gell's Gravitas          Tloc           0%         N/A       50%         3
 Ignite Poison            Fire/Tmut/Pois 0%         N/A       50%         3
 Inner Flame              Hex/Fire       0%         N/A       50%         3
 Lesser Beckoning         Tloc           0%         N/A       50%         3
 Mephitic Cloud           Conj/Pois/Air  0%         N/A       50%         3
 Ozocubu's Armour         Ice            0%         N/A       50%         3
 Portal Projectile        Hex/Tloc       0%         N/A       50%         3
 Spider Form              Tmut/Pois      0%         N/A       50%         3
 Summon Guardian Golem    Hex/Summ       0%         N/A       50%         3
 Swiftness                Air            0%         N/A       50%         3
 Teleport Other           Tloc           0%         N/A       50%         3
 Tukima's Dance           Hex            0%         N/A       50%         3
 Airstrike                Air            0%         N/A       88%         4
 Animate Dead             Necr           0%         N/A       88%         4
 Cause Fear               Hex            0%         N/A       88%         4
 Hailstorm                Conj/Ice       0%         3d3       88%         4
 Ice Form                 Ice/Tmut       0%         N/A       88%         4
 Iskenderun's Mystic Bla  Conj/Tloc      0%         2d3       88%         4
 Leda's Liquefaction      Hex/Erth       0%         N/A       88%         4
 Olgreb's Toxic Radiance  Pois           0%         N/A       88%         4
 Summon Ice Beast         Ice/Summ       0%         N/A       88%         4
 Alistair's Intoxication  Tmut/Pois      0%         N/A       99%         5
 Bolt of Magma            Conj/Fire/Erth 0%         4d4       99%         5
 Borgnjor's Vile Clutch   Necr/Erth      0%         N/A       99%         5
 Iskenderun's Battlesphe  Conj           0%         2d6       99%         5
 Lightning Bolt           Conj/Air       0%         1d11      99%         5
 Manifold Assault         Tloc           0%         N/A       99%         5
 Metabolic Englaciation   Hex/Ice        0%         N/A       99%         5
 Silence                  Hex/Air        0%         N/A       99%         5
 Invisibility             Hex            0%         N/A       100%        6
 Iron Shot                Conj/Erth      0%         9d1       100%        6
 Shadow Creatures         Summ           N/A        N/A       100%        6
 Simulacrum               Ice/Necr       0%         N/A       100%        6
 Malign Gateway           Summ/Tloc      0%         N/A       100%        7
 Orb of Destruction       Conj           0%         N/A       100%        7
 Ozocubu's Refrigeration  Ice            0%         4d5       100%        7
 Spellforged Servitor     Conj/Summ      0%         N/A       100%        7
 Ignition                 Fire           0%         3d3       100%        8
 Polar Vortex             Ice            0%         N/A       100%        9
 Shatter                  Erth           0%         3d5*      100%        9
 Animate Armour           Summ/Erth      Unusable   N/A       N/A         4

Inventory:

Armour
 o - a +2 hat of cold resistance (worn)
Magical Staves
 z - a staff of cold
Jewellery
 a - a +4 ring of protection (left tentacle)
 f - a +6 ring of dexterity
 k - the amulet of Gatil (around mantle) {Spirit *Corrode Will+++}

   [amulet of guardian spirit]

   It causes incoming damage to be divided between your reserves of health and
   magic.
   It may corrode you when you take damage.
   It greatly increases your willpower.
 p - the ring "Kecraceah" {rC+ Dex+4}

   [ring of protection from cold]

   It affects your dexterity (+4).
   It protects you from cold.
 q - a +4 ring of evasion (on tentacle)
 t - the ring "Bihyrhis" {rF+ Str+3 SInv Stlth+}

   [ring of see invisible]

   It affects your strength (+3).
   It protects you from fire.
   It lets you see invisible.
   It makes you more stealthy.
 x - the ring of Ifitetij (on tentacle) {Drain rF+ rN+ rCorr Int+6}

   [ring of intelligence]

   It affects your intelligence (+6).
   It protects you from fire.
   It protects you from negative energy.
   It protects you from acid and corrosion.
   It drains your maximum health when unequipped.
 G - a +6 ring of dexterity (on tentacle)
 J - a +4 ring of protection (on tentacle)
 P - a +4 ring of evasion (on tentacle)
 Q - a +4 ring of protection (on tentacle)
 R - a +4 ring of evasion (right tentacle)
 S - the ring "Iditojel" {rPois rCorr Str+4 Int+7 Dex-3}

   [ring of resist corrosion]

   It affects your strength (+4).
   It affects your intelligence (+7).
   It affects your dexterity (-3).
   It protects you from poison.
   It protects you from acid and corrosion.
 V - a ring of protection from fire
Wands
 w - a wand of acid (20)
 A - a wand of iceblast (52)
 L - a wand of digging (9)
Scrolls
 d - 6 scrolls of teleportation {@r4}
 e - 3 scrolls of magic mapping
 g - 3 scrolls of holy word
 m - 5 scrolls of fear
 y - 2 scrolls of blinking
 C - 2 scrolls of silence {!r}
 E - 15 scrolls of identify {@r1}
 H - 2 scrolls of summoning
 I - a scroll of enchant armour
 M - 2 scrolls of fog
Potions
 b - 9 potions of curing {@q1}
 c - 4 potions of mutation {!q}
 i - 3 potions of flight
 j - 3 potions of berserk rage {!q}
 l - 6 potions of haste {@q3}
 n - 3 potions of magic
 r - 3 potions of brilliance
 s - 6 potions of heal wounds {@q2}
 u - 4 potions of resistance
 B - 3 potions of invisibility
 D - 4 potions of lignification {!q}
 F - 2 potions of ambrosia
 T - 6 potions of attraction {!q}
 W - 3 potions of might
Miscellaneous
 h - a condenser vane
 v - a phial of floods
 O - a tin of tremorstones (2/2)

Dungeon Overview and Level Annotations

Branches:
Dungeon (15/15)            Temple (1/1) D:6            Lair (6/6) D:10
 Shoals (0/4) Lair:2       Spider (3/4) Lair:2        Slime (0/5) Lair:5
    Orc (2/2) D:11            Elf (3/3) Orc:2        Vaults (0/5) D:14
 Depths (0/5) D:15          Sewer (visited)          Bailey (visited)
  IceCv (visited)         Volcano (visited)         Desolation (visited)

Altars:
Ashenzari
Cheibriados
Dithmenos
Elyvilon
Fedhas
Gozag
Hepliaklqana
Kikubaaqudgha
Makhleb
Nemelex Xobeh
Okawaru
Qazlal
Ru
Sif Muna
Trog
Uskayaw
Vehumet
Wu Jian
Xom
Yredelemnul
Zin
The Shining One
Beogh
Jiyva

Shops:
D:4 [   D:6 [   D:14 =   Orc:2 *!([   Elf:1 (   Elf:3 ([=

Portals:
Abyss: Lair:2
Trove: Elf:2 (give 15 potions of curing)

Annotations:
Lair:5 1 runed translucent door, alja1234's ghost, journeyman DjFE
Elf:2 6 runed translucent doors, Amamary's ghost, adept HOFi

...................
...................
.....................
..........s..........
..........*ss........
.......^...^.........
<.............s......
.......s..§☼☼☼☼......
........^x...^.☼.....
.^.......^...........
...^....^............
......^..............
..^.................▒
..▒...^...........^▒
. ▒................
▒....£▒........
▒▒▒▒▒▒.▒......


You could see 4 orb spiders and a jumping spider.


Message History

You see here a jumping spider corpse.
The jumping spider leaps!
The orb spider begins to weave its threads into a brightly glowing ball.
The wavering orb of destruction hits you!!
The orb spider weaves a glowing orb of energy.
The orb spider weaves a glowing orb of energy.
The jumping spider leaps! 2 orbs of destruction come into view.
The wavering orb of destruction hits you!!!
You hear an angry hiss.
Found an escape hatch in the floor.
The orb spider begins to weave its threads into a brightly glowing ball.
The orb spider pulsates with a strange energy.
The orb of destruction hits you!!!
* * * LOW HITPOINT WARNING * * *
Unknown command.
You pick your way through the web.
The orb spider weaves a glowing orb of energy.
The orb spider weaves a glowing orb of energy.
The wavering orb of destruction weakly hits you!!
* * * LOW HITPOINT WARNING * * *
A jumping spider comes into view.
An orb of destruction comes into view.
There is a web, spattered with blood here.
The jumping spider leaps!
The orb spider pulsates with a strange energy.
The orb spider weaves a glowing orb of energy.
An orb of destruction comes into view.
The orb of destruction hits you!!!
You die...

Action                   |  1- 3 |  4- 6 |  7- 9 | 10-12 | 13-15 | 16-18 | 19-21 || total
-------------------------+-------+-------+-------+-------+-------+-------+-------++-------
Melee: Unarmed           |    96 |   149 |   231 |   476 |  1009 |  1006 |   607 ||  3574
       Constrict         |    26 |    40 |    34 |    72 |    98 |   206 |   164 ||   640
       Tentacles         |    15 |    33 |    55 |   143 |   376 |   362 |   217 ||  1201
       Punch             |     4 |     5 |    25 |    87 |   264 |   263 |   166 ||   814
Throw: Throwing net      |       |       |       |       |       |     1 |       ||     1
 Cast: Apportation       |       |       |       |     2 |       |       |       ||     2
Invok: Heroism           |       |       |     9 |    27 |    47 |    32 |    12 ||   127
       Finesse           |       |       |       |     1 |     7 |     2 |     2 ||    12
Evoke: Wand              |       |       |       |     2 |    19 |     2 |       ||    23
  Use: Scroll            |       |       |     6 |    13 |    12 |     6 |     1 ||    38
       Potion            |       |       |     4 |       |     4 |     2 |     3 ||    13
 Stab: Sleeping          |    11 |    12 |    13 |    19 |    21 |    18 |     6 ||   100
       Distracted        |       |     1 |     2 |     1 |     6 |     8 |     3 ||    21
Armor: Skin              |    14 |    16 |    35 |    30 |    79 |    58 |    43 ||   275
Dodge: Dodged            |    60 |    67 |   145 |   339 |  1048 |  1052 |   830 ||  3541

Levels and vault maps discovered:
D:1:      minmay_arrival_hallway, layout_loops_ring,
          chequers_ecumenical_altar_island
D:2:      layout_rooms
D:3:      layout_basic
D:4:      minmay_angry_zag, layout_gridville, nicolae_overflow_crystal_walls,
          serial_shops, kennysheep_mini_moat
D:5:      layout_basic
D:6:      layout_cave_pools, minmay_temple_entry_glass, gup_sewer_entry_glass,
          serial_shops, nicolae_shop_statue_plus
D:7:      layout_loops_cross, nrook_uturn
D:8:      layout_layer_cave, serial_co_window_serial, co_window_corner_a,
          co_window_of_opportunity_a, co_window_paths_b, co_window_cross_1,
          co_window_corner_a, co_window_paths_c, co_window_2corner,
          co_window_unsneaky_path_a, co_window_corner_ca, glass_columns_a,
          minmay_microvault, uniq_joseph, uniq_maggie
D:9:      layout_irregular_city, grunt_decor_cap, item_on_display_a
D:10:     layout_loops_cross, david_lair_generic,
          minmay_fractal_squares_gapless_7
D:11:     layout_loops_corners, orc_0_dummy, gammafunk_ghost_hydra_chop,
          minivault_19, vehumet_altar_wand_db
D:12:     minmay_tri_box, layout_loops_ring, portal_ice_cave_entry_ice_beasts,
          nicolae_hepliaklqana_hazy_memory, uniq_kirke
D:13:     layout_basic, serial_shops, bzr_entry_road, enter_bailey_2,
          uniq_erolcha
D:14:     cheibrodos_hippocracy, layout_loops_ring,
          skrybe_vaults_entry_preservation, serial_shops, kennysheep_little_box
D:15:     hangedman_depths_entry_civil_slaughter, layout_irregular_city,
          gammafunk_ghost_grave, uniq_agnes
Temple:   minmay_crystal_snake_temple
Lair:1:   layout_regular_city, cheibrodos_lair_caveside_slide,
          grunt_megastairs_2
Lair:2:   layout_long_grid, elwin_shoals_entry_rooms, spider_nest_entry_webs,
          gammafunk_ghost_abyssal_escape, chequers_serial_rivers_small_3,
          uniq_erica
Lair:3:   layout_chaotic_city, grunt_megastairs_1, serial_bayou_shore_b,
          minmay_lair_oklob_chamber, lemuel_fruit_tree
Lair:4:   layout_hall_layers, lookout_lair_type, beast_lair_carwin_11
Lair:5:   layout_misc_corridors, slime_altar_1, ebering_ghost_xom, st_stairs_10,
          infiniplex_staircase_pool
Lair:6:   grunt_lair_end_beastmaster, layout_misc_corridors, basic_altar,
          infiniplex_staircase_pool_2
Spider:1: layout_spider_delve
Spider:2: layout_spider_delve
Spider:3: layout_spider_delve, spiders_nest_the_unseen
Orc:1:    layout_caves, lightli_volcano_entry_magma_tube, nooodl_orcs_dogs
Orc:2:    st_orc_town, layout_caves
Elf:1:    layout_loops_corners, portal_desolation_entry_salt, basic_altar,
          serial_shops, nicolae_shop_stone, kennysheep_underground_church
Elf:2:    layout_gridlike, gammafunk_ghost_tricky_traps, enter_trove_1
Elf:3:    minmay_elf_hall_dome, layout_gridlike, serial_shops,
          nicolae_square_shop, minmay_misc_feat_five, minmay_shoptagon

Notes
Turn   | Place    | Note
-------+----------+-------------------------------------------
     0 | D:1      | sanka the Octopode Monk began the quest for the Orb.
     0 | D:1      | Reached XP level 1. HP: 16/16 MP: 1/1
   192 | D:1      | Reached XP level 2. HP: 15/21 MP: 2/2
   459 | D:1      | Found a faded altar of an unknown god.
   474 | D:1      | Reached skill level 4 in Unarmed Combat
   609 | D:1      | Reached XP level 3. HP: 26/26 MP: 3/3
  1395 | D:2      | Reached XP level 4. HP: 31/31 MP: 4/4
  1480 | D:2      | Reached skill level 5 in Unarmed Combat
  2116 | D:3      | Reached XP level 5. HP: 27/36 MP: 5/5
  2853 | D:4      | Reached skill level 6 in Unarmed Combat
  3126 | D:4      | Found Kitti's Armour Shop.
  3179 | D:4      | Reached XP level 6. HP: 26/42 MP: 6/6
  3460 | D:4      | Found a burning altar of Makhleb.
  3553 | D:4      | Reached skill level 7 in Unarmed Combat
  3989 | D:4      | Reached XP level 7. HP: 46/46 MP: 7/7
  4196 | D:4      | Reached skill level 8 in Unarmed Combat
  4581 | D:5      | Entered Level 5 of the Dungeon
  5168 | D:5      | Reached skill level 9 in Unarmed Combat
  5440 | D:5      | Reached XP level 8. HP: 36/52 MP: 8/8
  5774 | D:5      | Reached skill level 10 in Unarmed Combat
  5997 | D:6      | Reached skill level 4 in Dodging
  5998 | D:6      | Found Cuuwno Vedd's Antique Armour Shop.
  6116 | D:6      | Found a glowing drain.
  6134 | D:6      | Reached skill level 5 in Dodging
  6140 | Sewer    | Entered a sewer
  6196 | Sewer    | Noticed Purgy
  6207 | Sewer    | Killed Purgy
  6470 | D:6      | Found a staircase to the Ecumenical Temple.
  6482 | Temple   | Entered the Ecumenical Temple
  6663 | Temple   | Became a worshipper of Warmaster Okawaru
  6663 | Temple   | Reached * piety under Okawaru
  6663 | Temple   | Reached ** piety under Okawaru
  6716 | D:6      | HP: 4/52 [steam dragon (2)]
  6724 | D:6      | Reached skill level 1 in Invocations
  6728 | D:6      | Reached skill level 6 in Dodging
  6728 | D:6      | Reached skill level 2 in Invocations
  6728 | D:6      | Reached XP level 9. HP: 15/56 MP: 10/10
  7034 | D:6      | Reached skill level 3 in Invocations
  7205 | D:6      | Reached skill level 4 in Invocations
  7215 | D:6      | Reached skill level 7 in Dodging
  7233 | D:6      | Reached skill level 8 in Dodging
  7888 | D:7      | Reached *** piety under Okawaru
  7889 | D:7      | Reached skill level 4 in Fighting
  7889 | D:7      | Reached XP level 10. HP: 34/63 MP: 13/13
  7958 | D:7      | HP: 5/63 [orc (3)]
  9187 | D:8      | Reached skill level 11 in Unarmed Combat
  9324 | D:8      | Identified +0 acid dragon scales
  9324 | D:8      | Noticed Maggie
  9336 | D:8      | Killed Maggie
  9477 | D:8      | Noticed Joseph
  9499 | D:8      | Killed Joseph
  9807 | D:8      | Reached skill level 5 in Fighting
  9819 | D:8      | Reached skill level 9 in Dodging
 10076 | D:8      | Reached **** piety under Okawaru
 10578 | D:8      | Noticed a deep elf pyromancer
 10585 | D:8      | Killed a deep elf pyromancer
 10968 | D:9      | Reached skill level 12 in Unarmed Combat
 10979 | D:9      | Reached skill level 6 in Fighting
 10983 | D:9      | Reached XP level 11. HP: 44/72 MP: 14/14
 10988 | D:9      | Reached ***** piety under Okawaru
 11189 | D:9      | Noticed a two-headed ogre
 11879 | D:9      | Killed a two-headed ogre
 12098 | D:10     | Entered Level 10 of the Dungeon
 12173 | D:10     | Found a staircase to the Lair.
 12174 | D:10     | Noticed a death yak
 12191 | D:10     | Noticed a two-headed ogre
 12199 | D:10     | Killed a death yak
 12203 | D:10     | Reached skill level 10 in Dodging
 12417 | D:10     | Killed a two-headed ogre
 12465 | D:10     | Noticed a harpy
 12469 | D:10     | Killed a harpy
 12470 | D:10     | Reached skill level 7 in Fighting
 12470 | D:10     | Reached skill level 13 in Unarmed Combat
 12501 | D:10     | Noticed a centaur warrior
 12512 | D:10     | Killed a centaur warrior
 13618 | Lair:1   | Entered Level 1 of the Lair of Beasts
 13665 | Lair:1   | Received a gift from Okawaru
 13769 | Lair:1   | Identified a scroll of acquirement
 14142 | Lair:1   | Found the +3 pair of gauntlets of War {Slay+5}
 14159 | Lair:1   | Reached ****** piety under Okawaru
 14160 | Lair:1   | Reached XP level 12. HP: 49/82 MP: 15/15
 14309 | Lair:1   | Received a gift from Okawaru
 14470 | Lair:1   | Reached skill level 5 in Invocations
 14653 | Lair:1   | Reached skill level 8 in Fighting
 14857 | Lair:2   | Found a one-way gate to the infinite horrors of the Abyss.
 14857 | Lair:2   | Noticed Sassenached's ghost (journeyman DrWn)
 14899 | Lair:2   | Found a hole to the Spider Nest.
 14899 | Lair:2   | Identified the +2 shortbow of Ginig {freeze, rElec rCorr
                  | Stlth+}
 14947 | Lair:2   | Found a transporter.
 14958 | Lair:2   | Reached skill level 14 in Unarmed Combat
 15205 | Lair:2   | Noticed Erica
 15212 | Lair:2   | Killed Erica
 15212 | Lair:2   | Received a gift from Okawaru
 15225 | Lair:2   | Reached skill level 11 in Dodging
 15505 | Lair:2   | Reached skill level 6 in Invocations
 15574 | Lair:2   | Found a staircase to the Shoals.
 15627 | Lair:2   | Noticed a six-headed hydra
 15631 | Lair:2   | Learned a level 1 spell: Apportation
 15669 | Lair:2   | Found a transporter.
 16436 | Lair:3   | Received a gift from Okawaru
 17541 | Lair:4   | Noticed a six-headed hydra
 17564 | Lair:4   | Noticed a five-headed hydra
 17574 | Lair:4   | Killed a five-headed hydra
 17668 | Lair:4   | Reached skill level 9 in Fighting
 17727 | Lair:4   | Reached XP level 13. HP: 90/90 MP: 18/18
 17920 | Lair:4   | Reached skill level 7 in Invocations
 18486 | Lair:4   | Reached skill level 15 in Unarmed Combat
 18628 | Lair:4   | HP: 3/90 [yak[a torpor snail] (12)]
 19023 | Lair:5   | Identified the +2 buckler of the Kettle-Drum {rPois rC+++
                  | Will+ Slay-3} (Okawaru gifted it to you on level 5 of the
                  | Lair of Beasts)
 19023 | Lair:5   | Received a gift from Okawaru
 19129 | Lair:5   | Found a staircase to the Slime Pits.
 19129 | Lair:5   | Found a viscous altar of Jiyva.
 19303 | Lair:5   | Found a runed translucent door.
 19303 | Lair:5   | Found a shimmering altar of Xom.
 19303 | Lair:5   | Noticed alja1234's ghost (journeyman DjFE)
 19638 | Lair:6   | Entered Level 6 of the Lair of Beasts
 19740 | Lair:6   | Reached skill level 8 in Invocations
 19861 | Lair:6   | Reached skill level 12 in Dodging
 20295 | Lair:5   | Reached skill level 10 in Fighting
 20673 | Lair:5   | Reached XP level 14. HP: 86/99 MP: 20/20
 20731 | Lair:6   | Received a gift from Okawaru
 20953 | Lair:6   | Reached skill level 16 in Unarmed Combat
 20957 | Lair:6   | Reached skill level 9 in Invocations
 21189 | Lair:6   | Found an ornate altar of the Wu Jian Council.
 21499 | Lair:6   | Identified 2 potions of resistance
 21658 | Lair:6   | Identified the +5 hand crossbow "Ogosios" {elec, rElec rN+
                  | Will+}
 21668 | Lair:6   | Identified the ring "Iditojel" {rPois rCorr Str+4 Int+7
                  | Dex-3}
 21870 | Lair:2   | Noticed a dire elephant
 21941 | Lair:2   | Killed Sassenached's ghost
 22010 | Lair:2   | Noticed an entropy weaver
 22476 | D:14     | Identified the +4 quick blade "Sohuemoe" {vorpal, rC+ Dex+5
                  | SInv Stlth-} (Okawaru gifted it to you on level 14 of the
                  | Dungeon)
 22476 | D:14     | Received a gift from Okawaru
 22482 | D:14     | Found a gate to the Vaults.
 22482 | D:14     | Noticed an ironbound preserver
 22502 | D:14     | Killed an ironbound preserver
 22847 | D:14     | Acquired 1039 gold pieces
 22893 | D:14     | Reached skill level 11 in Fighting
 22896 | D:14     | Reached skill level 10 in Invocations
 23173 | D:14     | Received a gift from Okawaru
 23522 | D:14     | Found Qeisetodef's Jewellery Emporium.
 23692 | D:14     | Reached skill level 13 in Dodging
 23837 | D:14     | Paralysed by a floating eye for 4 turns
 23857 | D:14     | Reached skill level 17 in Unarmed Combat
 24026 | D:14     | Reached XP level 15. HP: 107/107 MP: 22/22
 24046 | D:14     | Identified Umit Ogaa's Grimoire of Dark Envenoming
 24372 | D:13     | Noticed Erolcha
 24384 | D:13     | Cast into level 1 of the Abyss (Erolcha)
 24392 | Abyss:1  | Noticed a cacodemon
 24409 | Abyss:1  | Gained mutation: You are frail. (-10% HP) [a cacodemon]
 24419 | Abyss:1  | Killed a cacodemon
 24776 | Abyss:1  | Found a corrupted altar of Lugonu.
 24779 | Abyss:1  | Noticed a tentacled starspawn
 24802 | Abyss:1  | Killed a tentacled starspawn
 24805 | D:13     | Escaped the Abyss
 24810 | D:13     | Killed Erolcha
 24816 | D:13     | Found a flickering gateway to a bazaar.
 24821 | Bazaar   | Entered a bazaar
 24823 | Bazaar   | Found Duodyz's Jewellery Boutique.
 24827 | Bazaar   | Found Repeps's General Store.
 24827 | Bazaar   | Found Woet's Distillery.
 24827 | Bazaar   | Found Divor's Distillery.
 24834 | Bazaar   | Lost mutation: You are frail. (-10% HP) [potion of
                  | mutation]
 24834 | Bazaar   | Gained mutation: Your magical capacity is low. (-10% MP)
                  | [potion of mutation]
 24834 | Bazaar   | Gained mutation: Your muscles are strong. (Str +2) [potion
                  | of mutation]
 24998 | Bazaar   | Bought a ring of protection from fire for 375 gold pieces
 25003 | Bazaar   | Bought a potion of heal wounds for 75 gold pieces
 25011 | Bazaar   | Bought a potion of might for 36 gold pieces
 25011 | Bazaar   | Bought a potion of mutation for 72 gold pieces
 25039 | D:13     | Found a flagged portal.
 25064 | Bailey   | Entered a bailey
 25136 | Bailey   | Identified the +2 robe "Noreck Tipp" {rElec rPois}
 25147 | Bailey   | Found a burning altar of Makhleb.
 26071 | D:12     | Found a hazy altar of Hepliaklqana.
 26153 | D:12     | Noticed Kirke
 26172 | D:12     | Killed Kirke
 26173 | D:12     | Reached skill level 12 in Fighting
 26387 | D:12     | Found a frozen archway.
 26422 | IceCv    | Entered an ice cave
 26538 | IceCv    | Reached skill level 18 in Unarmed Combat
 26640 | IceCv    | Received a gift from Okawaru
 27437 | IceCv    | Found a viscous altar of Jiyva.
 27437 | IceCv    | Noticed an azure jelly
 27562 | IceCv    | Killed an azure jelly
 27715 | IceCv    | Noticed an azure jelly
 27729 | IceCv    | Killed an azure jelly
 27737 | IceCv    | Identified Sif Muna's Guide on Cold
 27963 | D:12     | Reached skill level 14 in Dodging
 28122 | D:12     | Reached XP level 16. HP: 98/115 MP: 21/21
 28182 | D:12     | Identified the +7 war axe "Impslayer" {vorpal, *Slow rPois
                  | rC+}
 28818 | D:11     | Found a radiant altar of Vehumet.
 29170 | D:11     | Found a runed translucent gate.
 29170 | D:11     | Found a runed translucent gate.
 29195 | D:11     | Found a runed translucent gate.
 29196 | D:11     | Noticed bmj180's ghost (novice MiFi)
 29214 | D:11     | Found a staircase to the Orcish Mines.
 29420 | D:11     | Killed bmj180's ghost
 29544 | Orc:1    | Entered Level 1 of the Orcish Mines
 29801 | Orc:1    | Found a dark tunnel.
 29812 | Volcano  | Entered a volcano
 30388 | Orc:1    | Identified the +3 quarterstaff of Integrity {vorpal, Int+2}
                  | (Okawaru gifted it to you on level 1 of the Orcish Mines)
 30388 | Orc:1    | Received a gift from Okawaru
 30630 | D:14     | Bought the amulet of Gatil {Spirit *Corrode Will+++} for
                  | 809 gold pieces
 31120 | Orc:1    | Identified a potion of experience
 31121 | Orc:1    | Reached skill level 19 in Unarmed Combat
 31121 | Orc:1    | Reached XP level 17. HP: 121/121 MP: 22/22
 31145 | Orc:2    | Entered Level 2 of the Orcish Mines
 31227 | Orc:2    | Found a staircase to the Elven Halls.
 31360 | Orc:2    | Found Kobesm's General Store.
 31393 | Orc:2    | Found Aluip's Distillery.
 31785 | Orc:2    | Found Kacajei's Weapon Shoppe.
 31785 | Orc:2    | Found Soibilank's Armour Boutique.
 32251 | Orc:2    | Reached skill level 13 in Fighting
 32412 | Orc:2    | Bought a potion of might for 60 gold pieces
 32421 | Orc:2    | Bought a potion of heal wounds for 60 gold pieces
 32421 | Orc:2    | Bought a potion of heal wounds for 60 gold pieces
 32421 | Orc:2    | Bought a potion of heal wounds for 60 gold pieces
 32421 | Orc:2    | Bought a potion of resistance for 120 gold pieces
 32585 | D:14     | Bought a +6 ring of dexterity for 1111 gold pieces
 32585 | D:14     | Bought a +4 ring of evasion for 684 gold pieces
 32590 | D:14     | Upgraded the game from 0.27-a0-1322-gfdffb62a71 to
                  | 0.27-a0-1324-ge0d8e047f6
 32676 | D:15     | Entered Level 15 of the Dungeon
 33187 | D:15     | Found a runed translucent door.
 33191 | D:15     | Noticed Shym's ghost (journeyman MiBe)
 33208 | D:15     | Killed Shym's ghost
 33222 | D:15     | Noticed Agnes
 33231 | D:15     | Cast into level 2 of the Abyss (Agnes)
 33335 | Abyss:2  | Received a gift from Okawaru
 33700 | D:15     | Escaped the Abyss
 33709 | D:15     | Found a staircase to the Depths.
 33724 | D:14     | Killed Agnes
 33725 | D:14     | Reached skill level 20 in Unarmed Combat
 34190 | D:15     | Reached skill level 15 in Dodging
 34237 | D:15     | Reached XP level 18. HP: 129/129 MP: 21/22
 34602 | Elf:1    | Entered Level 1 of the Elven Halls
 34602 | Elf:1    | Found an ancient bone altar of Kikubaaqudgha.
 34882 | Elf:1    | Found a ruined gateway.
 34918 | Elf:1    | Acquired 771 gold pieces
 34919 | Elf:1    | Acquired the ring of Ifitetij {Drain rF+ rN+ rCorr Int+6}
 34929 | Desolati | Entered the Desolation of Salt
 35311 | Desolati | Reached skill level 14 in Fighting
 35675 | Desolati | Received a gift from Okawaru
 35797 | Desolati | Identified the +0 plate armour of Neveukh {rN+ Str+2 Dex-3
                  | SInv}
 35809 | Desolati | Identified the ring "Kecraceah" {rC+ Dex+4}
 35811 | Desolati | Identified Sif Muna's Tome of Venomous Dislocation
 35920 | Desolati | Reached skill level 21 in Unarmed Combat
 36208 | Desolati | Identified the ring "Kajeiced" {*Slow rC+ Will+ Str+7 SInv}
 36210 | Desolati | Identified the ring "Bihyrhis" {rF+ Str+3 SInv Stlth+}
 36222 | Desolati | Identified the +8 spear of False Accusations {speed, Will+
                  | Str+5 Dex+2}
 36531 | Desolati | Identified the +7 hand axe "Yfetzile" {drain, rN++ Will+
                  | Stlth-}
 36534 | Desolati | Identified the amulet of the Fool {Spirit Rampage rPois
                  | Str-5 Dex+7}
 36916 | Elf:1    | Found Hualomiq's Weapon Emporium.
 37105 | Elf:1    | Identified the Grimoire of Warped Stones
 37559 | Elf:1    | Reached XP level 19. HP: 127/138 MP: 19/23
 37761 | Elf:1    | Reached skill level 15 in Fighting
 38191 | Elf:2    | Reached skill level 22 in Unarmed Combat
 38360 | Elf:2    | Found a runed translucent gate.
 38361 | Elf:2    | Found a runed translucent gate.
 38362 | Elf:2    | Found a runed translucent gate.
 38366 | Elf:2    | Found a portal to a secret trove of treasure.
 38397 | Elf:2    | Received a gift from Okawaru
 38414 | Elf:2    | Noticed Amamary's ghost (adept HOFi)
 38946 | Orc:2    | Bought a potion of curing for 36 gold pieces
 38946 | Orc:2    | Bought a potion of curing for 36 gold pieces
 39063 | Elf:2    | Found a runed translucent gate.
 39063 | Elf:2    | Found a runed translucent gate.
 39063 | Elf:2    | Found a runed translucent gate.
 39400 | Elf:3    | Entered Level 3 of the Elven Halls
 39551 | Elf:3    | Found Sisseidghee's Jewellery Shoppe.
 39559 | Elf:3    | Found Nynwolad's Antique Armour Emporium.
 39798 | Elf:3    | Reached skill level 16 in Dodging
 40180 | Elf:3    | Found Waucvav's Weapon Emporium.
 40418 | Elf:3    | Noticed a Tzitzimitl
 40422 | Elf:3    | Noticed an Ice Fiend
 40621 | Elf:3    | Reached skill level 17 in Dodging
 40708 | Elf:3    | Identified the -1 hat of a ziggurat {+Inv rC+ Stlth-}
                  | (Okawaru gifted it to you on level 3 of the Elven Halls)
 40708 | Elf:3    | Received a gift from Okawaru
 40835 | Elf:3    | Identified the amulet of Jedoemam {Acrobat Harm Fly rCorr
                  | Str-2}
 40860 | Elf:3    | Reached XP level 20. HP: 123/145 MP: 20/24
 40926 | Elf:3    | Identified the +8 spear "Thing" {freeze, Drain rElec Int+7
                  | Dex+4}
 40997 | Elf:3    | Identified the +5 fustibalus of Laesimuc {vorpal, rC+ Dex+2
                  | SInv}
 41096 | Elf:3    | Reached skill level 18 in Dodging
 41112 | Elf:3    | Identified Anaptylu's Collected Works on Malediction
 41121 | Elf:3    | Identified Immemaa's Handbook of the Snowflakes and the
                  | Arsonist
 41343 | Elf:3    | Bought a +4 ring of protection for 504 gold pieces
 41644 | Spider:1 | Entered Level 1 of the Spider Nest
 44082 | Spider:2 | Reached skill level 19 in Dodging
 44698 | Spider:3 | Blown up by an orb spider

Vanquished Creatures
  2 deep elf blademasters (Elf:3)
  A tentacled starspawn (Abyss:1)
  Kirke (D:12)
  Agnes (D:14)
  2 azure jellies (IceCv)
  8 deep elf sorcerers
  2 imperial myrmidons (Desolation)
  An emperor scorpion (Spider:1)
  A draconian shifter (Abyss:2)
  2 deep elf elementalists (Elf:3)
  A cacodemon (Abyss:1)
  An ironbound preserver (D:14)
  3 starcursed masses (Abyss:1)
  3 deep elf demonologists (Elf:3)
  2 deep elf annihilators (Elf:3)
  A lorocyproca (Abyss:2)
  2 halazid warlocks (Desolation)
  A spark wasp (Spider:2)
  The ghost of Sassenached the Arsonist, a journeyman DrWn of Gozag (Lair:2)
  The ghost of Shym the Tortoise, a journeyman MiBe of Trog (D:15)
  A red draconian (Volcano)
  2 crystal guardians (Desolation)
  An ettin (D:15)
  7 ragged hierophants (Desolation)
  9 deep elf death magi
  4 deep elf high priests
  Erolcha (D:13)
  A rakshasa (Abyss:2)
  4 boulder beetles
  2 catoblepae
  7 peacekeepers (Desolation)
  An ogre mage (Volcano)
  10 hydras
  8 servants of whispers (Desolation)
  An ice dragon (shapeshifter) (Lair:2)
  12 dancing weapons
  Erica (Lair:2)
  The ghost of bmj180 the Cleaver, a novice MiFi of Cheibriados (D:11)
  8 centaur warriors
  3 tengu warriors
  8 two-headed ogres
  A deep troll shaman (Lair:6)
  7 orc high priests (Orc:2)
  9 death yaks
  12 deep elf knights
  A wretched star (Abyss:2)
  2 sixfirhies
  10 skeletal warriors (D:15)
  A glowing orange brain (D:14)
  3 deep trolls
  15 deep elf archers
  2 wizards (D:15)
  5 ironbound convokers (Desolation)
  29 deep elf pyromancers
  26 deep elf zephyrmancers
  A harpy (shapeshifter) (D:10)
  7 orb spiders
  An orb spider (shapeshifter) (Elf:3)
  A necromancer (D:15)
  4 cyclopes
  2 orc sorcerers
  22 ugly things
  10 wolf spiders
  A worldbinder (Abyss:1)
  5 orc knights
  An oklob plant (Lair:3)
  8 elephants
  4 manticores
  5 black mambas
  Joseph (D:8)
  2 merfolk sirens (Lair:2)
  2 molten gargoyles (Desolation)
  4 guardian serpents
  A rust devil (Lair:2)
  An ice statue (IceCv)
  2 gargoyles (D:11)
  13 cane toads
  3 orange demons
  2 torpor snails
  2 rime drakes (shapeshifter)
  2 unseen horrors
  2 rime drakes
  9 demonic crawlers
  6 komodo dragons
  Maggie (D:8)
  2 yaktaurs (D:14)
  2 tengu conjurers
  2 freezing wraiths
  A kobold demonologist (D:10)
  2 entropy weaver simulacra (IceCv)
  A very ugly thing simulacrum (IceCv)
  A hellwing (Abyss:2)
  13 jumping spiders
  An ancient zyme (Lair:2)
  2 polar bears
  3 meliai (D:14)
  58 saltlings
  A hornet (Lair:2)
  8 trolls
  A polar bear (shapeshifter) (D:15)
  4 blink frogs (Lair:2)
  16 slime creatures
  A hydra skeleton (Abyss:1)
  5 raiju (Abyss:1)
  2 large abominations
  13 tarantellas
  54 redbacks
  A centaur simulacrum (D:14)
  3 wraiths
  A spriggan (Lair:2)
  4 wyverns
  62 yaks
  A spriggan (shapeshifter) (D:12)
  An air elemental (Elf:1)
  A water elemental (Elf:2)
  11 basilisks
  3 hogs (D:12)
  A fire elemental (Elf:1)
  A neqoxec (Abyss:1)
  2 steam dragons
  A vampire mosquito (D:14)
  A warg (shapeshifter) (D:15)
  4 demonic crawler simulacra (IceCv)
  A floating eye (D:14)
  10 wargs
  7 water moccasins
  23 orc warriors
  Purgy (Sewer)
  An ice beast (shapeshifter) (D:14)
  5 ogres
  A sky beast (D:6)
  3 black bears
  8 ice beasts
  3 necrophages
  3 ugly thing simulacra (IceCv)
  4 wolves (Lair:6)
  13 centaurs
  A phantom (D:4)
  A kobold brigand (D:10)
  11 bullfrogs
  2 earth elementals
  3 scorpions
  5 glowing shapeshifter simulacra (IceCv)
  5 small abominations
  A wyvern skeleton (D:7)
  A water moccasin skeleton (D:5)
  9 wights
  6 howler monkeys
  An electric eel (Lair:5)
  5 centaur zombies
  2 lava snakes (D:13)
  A jelly (D:7)
  A bullfrog zombie (D:5)
  36 orc priests
  2 hounds
  A gnoll shaman (D:4)
  A bullfrog skeleton (D:5)
  5 iguanas
  19 orc wizards
  3 howler monkey zombies
  8 gnolls
  12 adders
  A shadow imp (D:7)
  6 white imps
  2 ufetubi
  An adder skeleton (D:4)
  3 worms
  5 dart slugs
  92 orcs
  5 bats
  9 endoplasms
  7 giant cockroaches
  5 goblins
  13 hobgoblins
  7 jackals (D:1)
  3 quokkas
  10 ball pythons
  8 frilled lizards
  16 kobolds
  5 rats
  A starspawn tentacle (Abyss:1)
1092 creatures vanquished.

Vanquished Creatures (others)
  A two-headed ogre (Volcano)
  3 deep elf knights (Elf:2)
  A deep elf zephyrmancer (Elf:2)
  A jumping spider (Spider:3)
  A redback (Spider:2)
  2 humans (D:12)
  2 ice beasts (D:12)
  A sky beast (D:5)
  21 fungi
  25 plants
  5 starspawn tentacles (Abyss:1)
63 creatures vanquished.

Grand Total: 1155 creatures vanquished
